 Dungeon Crawl Stone Soup version 0.29-a0-1019-g84f7d21838 (webtiles) character file.

Game seed: 16786120639115445457

606 Newt the Skirmisher (level 7, -16/44 HPs)
             Began as a Kobold Hunter on Aug 10, 2022.
             Was an Initiate of Gozag.
             Demolished by an ogre
             ... wielding a +3 glaive
              (17 damage)
             ... in a bailey.
             The game lasted 00:06:22 (4660 turns).

Newt the Skirmisher (Kobold Hunter)                 Turns: 4660, Time: 00:06:23

Health: -16/44     AC: 15    Str:  9    XL:     7   Next: 70%
Magic:  0/7        EV:  3    Int: 10    God:    Gozag
Gold:   209        SH:  0    Dex: 33    Spells: 6/6 levels left

rFire   + . .      SeeInvis .   a - +1 shortbow (chaos)
rCold   . . .      Faith    .   (shield currently unavailable)
rNeg    . . .      Spirit   .   s - +5 plate armour of True Grit {rF+ rCorr Dex+7}
rPois   .          Reflect  .   h - +0 hat
rElec   .          Harm     .   (no cloak)
rCorr   +          Rampage  .   (no gloves)
Will    .....                   (no boots)
Stlth   +.........              (no amulet)
HPRegen 0.14/turn               l - +6 ring of dexterity
MPRegen 0.10/turn               (no ring)

@: gold aura
A: small, no large weapons, nightstalker 3
a: Renounce Religion, Potion Petition, Call Merchant, Bribe Branch


You were in a bailey.
You worshipped Gozag.
Gozag was aware of your devotion.
You visited 1 branch of the dungeon, and saw 6 of its levels.
You also visited: Bailey.

You collected 257 gold pieces.
You paid 48 gold pieces to Gozag.

Inventory:

Hand Weapons
 a - a +1 shortbow of chaos (weapon)
Missiles
 p - a throwing net
Armour
 c - a +0 leather armour
 h - a +0 hat (worn)
 s - the +5 plate armour of True Grit (worn) {rF+ rCorr Dex+7}
   (You acquired it on level 4 of the Dungeon)

   Dex:       It affects your dexterity (+7).
   rF:        It protects you from fire.
   rCorr:     It protects you from acid and corrosion.
 t - the +0 leather armour of the Rescuing Gods {Rampage rF+ Dex-3}
   (You took it off a kobold on level 4 of the Dungeon)

   Dex:       It affects your dexterity (-3).
   rF:        It protects you from fire.
   Rampage:   It bestows one free step when moving towards enemies.
 u - an orb of wrath
Jewellery
 i - a ring of wizardry
 l - a +6 ring of dexterity (left hand)
Wands
 q - a wand of roots (14)
Scrolls
 b - 2 scrolls of immolation
 e - a scroll of fog
 r - a scroll of magic mapping
 v - a scroll of identify {unknown}
Potions
 d - a potion of invisibility {unknown}
 f - 3 potions of degeneration {unknown}
 g - 2 potions of heal wounds {unknown}
 j - 2 potions of haste {unknown}
 k - 5 potions of curing {unknown}
 m - a potion of mutation {unknown}
 o - a potion of attraction {unknown}


   Skills:
 + Level 5.0 Fighting
 - Level 8.0 Ranged Weapons
 - Level 1.0 Armour
 - Level 2.4 Dodging
 * Level 6.2 Stealth
 + Level 0.6 Evocations


You had 6 spell levels left.
You didn't know any spells.
Your spell library contained the following spells:

 Spells                   Type           Power      Damage    Failure   Level
 Freeze                   Ice            0%         1d3       100%        1
 Magic Dart               Conj           0%         1d3       100%        1
 Call Imp                 Summ           0%         N/A       100%        2
 Call Canine Familiar     Summ           0%         N/A       100%        3
 Frozen Ramparts          Ice            0%         1d1       100%        3
 Mephitic Cloud           Conj/Pois/Air  0%         N/A       100%        3
 Portal Projectile        Hex/Tloc       0%         N/A       100%        3
 Hailstorm                Conj/Ice       0%         3d3       100%        4
 Leda's Liquefaction      Hex/Erth       0%         N/A       100%        4


Dungeon Overview and Level Annotations

Branches:
Dungeon (5/15)             Bailey (1/1)
 Temple: D:4-7

Altars:
Gozag
Kikubaaqudgha

Annotations:
D:3 1 runed translucent door


Innate Abilities, Weirdness & Mutations

You are small and have problems with some larger weapons.
You are completely attuned to the shadows.


Message History

An ogre comes into view. It is wielding a +0 glaive.
The spriggan hits you with a +5 antimagic dagger.
An ogre comes into view. It is wielding a +3 glaive.
Read: scroll of poison
Press: ? - help, Q - select action, (/) - cycle Dir - look around, f - activate You can't see that place.
The air fills with toxic fumes!
As you read the scroll of poison, it crumbles to dust.
The spriggan hits you with a +5 antimagic dagger.
Fire: a) +1 shortbow (chaos)
Press: ? - help, Shift-Dir - straight line, f - spriggan
Aim: a spriggan, wielding a +5 antimagic dagger (severely wounded, 54% to hit)
You shoot an arrow. The arrow barely misses the spriggan.
The arrow hits the ogre.
The ogre is lightly wounded.
The spriggan hits you with a +5 antimagic dagger.
The ogre is engulfed in poison gas.
The ogre is poisoned.
The ogre hits you from afar with a +0 glaive!
* * * LOW HITPOINT WARNING * * *
The spriggan hits you with a +5 antimagic dagger.
* * * LOW HITPOINT WARNING * * *
The ogre is engulfed in poison gas.
The ogre is poisoned.
The ogre hits you but does no damage.
The ogre is engulfed in poison gas.
The ogre looks even sicker.
The ogre is distracted by your dazzling golden aura.
Fire: a) +1 shortbow (chaos)
Press: ? - help, Shift-Dir - straight line, f/p - spriggan
Aim: a spriggan, wielding a +5 antimagic dagger (severely wounded, 54% to hit)
You shoot an arrow. The arrow misses the spriggan.
The ogre shouts!
The arrow hits the ogre.
The arrow freezes the ogre.
The ogre is moderately wounded.
You hear an angry hiss.
The spriggan hits you with a +5 antimagic dagger.
* * * LOW HITPOINT WARNING * * *
The ogre is engulfed in poison gas.
The ogre looks even sicker.
The ogre is engulfed in poison gas.
The ogre looks even sicker.
The ogre hits you from afar with a +3 glaive!
You die...
Your body crumbles into a pile of gold.

#..# #..#
#..♣ #..♣
#§§♣
#§§##
##§§##
##§§####§
##§@iO~§
##§§O§.
##§§§§
####


You could see 2 ogres and a spriggan.

Vanquished Creatures
  A spriggan (Bailey)
  A black bear (D:4)
  An ogre (Bailey)
  A scorpion (D:4)
  An iguana (D:4)
  7 gnolls
  4 adders
  2 worms
  A dart slug (D:3)
  2 orcs (D:4)
  10 ball pythons
  7 bats
  7 endoplasms
  2 giant cockroaches
  9 goblins
  6 hobgoblins
  6 jackals
  2 quokkas
  2 frilled lizards
  7 kobolds
  8 rats
87 creatures vanquished.

Vanquished Creatures (others)
  7 plants
7 creatures vanquished.

Grand Total: 94 creatures vanquished

Notes
Turn   | Place    | Note
-------+----------+-------------------------------------------
     0 | D:1      | Newt the Kobold Hunter began the quest for the Orb.
     0 | D:1      | Reached XP level 1. HP: 12/12 MP: 1/1
    41 | D:1      | Reached XP level 2. HP: 17/17 MP: 2/2
    57 | D:1      | Reached skill level 6 in Ranged Weapons
   343 | D:1      | Reached XP level 3. HP: 8/21 MP: 3/3
   831 | D:1      | Found a faded altar of an unknown god.
  1031 | D:2      | Reached XP level 4. HP: 26/26 MP: 4/4
  1113 | D:2      | Reached skill level 7 in Ranged Weapons
  2545 | D:3      | Found a runed translucent gate.
  2605 | D:3      | Found an ancient bone altar of Kikubaaqudgha.
  2853 | D:3      | Reached XP level 5. HP: 13/30 MP: 5/5
  3150 | D:3      | Noticed a black bear
  3151 | D:3      | Reached skill level 8 in Ranged Weapons
  3304 | D:4      | Reached skill level 1 in Armour
  3525 | D:4      | Found an opulent altar of Gozag.
  3532 | D:4      | Became a worshipper of Gozag Ym Sagoz the Greedy
  3669 | D:4      | Reached XP level 6. HP: 37/37 MP: 6/6
  3735 | D:4      | Identified the +0 leather armour of the Rescuing Gods
                  | {Rampage rF+ Dex-3}
  3743 | D:4      | Identified a scroll of acquirement
  3743 | D:4      | Acquired the +5 plate armour of True Grit {rF+ rCorr Dex+7}
  4338 | D:4      | Noticed a black bear
  4342 | D:4      | Killed a black bear
  4343 | D:4      | Reached XP level 7. HP: 43/43 MP: 7/7
  4509 | D:5      | Entered Level 5 of the Dungeon
  4511 | D:5      | You fall into a shaft and drop 3 floors!
  4511 | D:8      | Found a flagged portal.
  4516 | Bailey   | Entered a bailey
  4537 | Bailey   | Reached skill level 5 in Stealth
  4652 | Bailey   | Noticed a spriggan
  4655 | Bailey   | Killed a spriggan
  4655 | Bailey   | Noticed a spriggan
  4656 | Bailey   | Reached skill level 5 in Fighting
  4660 | Bailey   | HP: 1/44 [spriggan/+5 antimagic dagger (6)]
  4660 | Bailey   | Demolished by an ogre

Illustrated notes

Levels and vault maps discovered:
D:1:      dpeg_arrival_orchard, layout_rooms,
          hellmonk_ecumenical_altar_leap_of_faith
D:2:      layout_loops_ring, serial_forest, infiniplex_forest_lined_3_way,
          infiniplex_forest_pool, infiniplex_forest_lined_2,
          infiniplex_forest_3_way, infiniplex_forest_lined_3,
          infiniplex_forest_clump_medium, infiniplex_forest_fountain,
          infiniplex_forest_straight_2
D:3:      minmay_skewed_foursquare, layout_loops_corners,
          nicolae_kikubaaqudgha_miasma_corner, gammafunk_ghost_cemetery,
          dk_noncrumbling_4, solitary_fountain
D:4:      layout_loops_ring, mainiacjoe_overflow_alcove_4,
          minmay_stone_trees_medium
D:5:      old_forge, layout_basic
D:8:      layout_loops_ring, lair_entry_dummy, enter_bailey_2, uniq_amaemon
Bailey:   bailey_polearm_enchanted_keep_hellmonk, bailey

Skill      XL: |  1  2  3  4  5  6  7 |
---------------+----------------------+-----
Ranged Weapons | 6 7 8 |  8.0
Armour         | 1 |  1.0
Stealth        | 3 4 6 |  6.2
Fighting       | 3 4 5 |  5.0
Dodging        | |  2.4
Evocations     | |  0.6

Action                   |  1- 3 |  4- 6 |  7- 9 || total
-------------------------+-------+-------+-------++-------
 Fire: Shortbow          |    85 |   136 |     7 ||   228
Evoke: Wand              |       |     1 |     3 ||     4
  Use: Scroll            |     3 |     8 |     1 ||    12
Armor: Leather armour    |    10 |     4 |       ||    14
       Plate armour      |       |    33 |     3 ||    36
Dodge: Dodged            |    54 |    31 |     1 ||    86

Table legend: (Time is in decaauts)
 A = Elapsed time spent in this place.
 B = Non-inter-level travel time spent in this place.
 C = Inter-level travel time spent in this place.
 D = Time resting spent in this place.
 E = Time spent auto-exploring this place.
 F = Levels seen in this place.
 G = Mean time per level.
                   A        B        C        D        E       F      G
               +--------+--------+--------+--------+--------+-----+--------+
         Total |   4741 |   4572 |    169 |   1077 |   2980 |   7 |  677.3 |
       Dungeon |   4589 |   4420 |    169 |   1077 |   2847 |   6 |  764.8 |
        Bailey |    152 |    152 |      0 |      0 |    132 |   1 |  152.0 |
               +--------+--------+--------+--------+--------+-----+--------+

Top non-repeatable levels by time:
     D:3: 1560 daAuts
     D:4: 1340 daAuts
     D:1: 897 daAuts
     D:2: 784 daAuts
  Bailey: 152 daAuts
     D:8: 4 daAuts
     D:5: 1 daAuts
